 Dungeon Crawl Stone Soup version 0.24-a0-249-g2af7e837d0 (webtiles) character file.

Game seed: 6406150937536717389

358587 Redear the Peltast (level 21, -12/172 HPs)
             Began as a Demonspawn Warper on Apr 13, 2019.
             Was a High Priest of Okawaru.
             Shot with a bolt by a yaktaur captain (17 damage)
             ... summoned by a fire giant
             ... on level 4 of the Depths.
             The game lasted 04:30:44 (42612 turns).

Redear the Peltast (Demonspawn Warper)             Turns: 42612, Time: 04:30:44

Health: -12/172    AC: 20    Str: 21    XL:     21   Next: 44%
Magic:  35/35      EV: 22    Int: 23    God:    Okawaru [*****.]
Gold:   2441       SH: 22    Dex: 18    Spells: 9/35 levels left

rFire    + + .     SeeInvis +   y - +7 flail "Isanoifiub" {flame, *Rage rPois MR+ Str+3}
rCold    + + .     Gourm    .   a - +4 shield {rC+ rF+} {rC+, rF+}
rNeg     . . .     Faith    +   d - +2 chain mail of Jeryfoj {rF- Regen+ Str+7 Int+3}
rPois    +         Spirit   .   b - +2 hat {MR+} {MR+}
rElec    .         Reflect  .   L - scarf {repulsion}
rCorr    .         Harm     .   k - +1 pair of gloves of Insatiable Hunger {rPois Slay+3}
MR       +++..     Rnd*Rage +   (boots unavailable)
Stlth    +.........             j - amulet of faith {Faith}
HPRegen  0.78/turn              X - ring of Xume {rF+ rC+ Str-3 Dex+3}
MPRegen  0.24/turn              f - ring "Erisoxio" {rF+ Slay+2 SInv}

@: heroism, very slightly contaminated, lightly drained, repel missiles
A: claws 1, hooves 3, foul stench 2, powered by pain 3, robust 1, rot immunity,
MP-powered wands, sturdy frame 3
}: 2/15 runes: serpentine, barnacled
a: Heroism, Finesse, Renounce Religion


You were on level 4 of the Depths.
You worshipped Okawaru.
Okawaru was extremely pleased with you.
You were not hungry.

You visited 7 branches of the dungeon, and saw 36 of its levels.

You collected 3956 gold pieces.
You spent 1515 gold pieces at shops.

Inventory:

Hand Weapons
 i - the +8 whip of the Gnat {freeze, rElec Int+4}
   (You found it on level 6 of the Dungeon)

   It has been specially enchanted to freeze those struck by it, causing extra
   injury to most foes and up to half again as much damage against particularly
   susceptible opponents.
   It can also slow down cold-blooded creatures.
   It affects your intelligence (+4).
   It insulates you from electricity.
 y - the +7 flail "Isanoifiub" (weapon) {flame, *Rage rPois MR+ Str+3}
   (Okawaru gifted it to you on level 4 of the Shoals)

   It has been specially enchanted to burn those struck by it, causing extra
   injury to most foes and up to half again as much damage against particularly
   susceptible opponents.
   It affects your strength (+3).
   It protects you from poison.
   It affects your resistance to hostile enchantments.
   It may make you go berserk in combat.
 S - the +8 whip "Snakebite" {curare, rPois}
   (You found it on level 4 of the Lair of Beasts)

   It poisons the flesh of those it strikes.
   It protects you from poison.
Missiles
 r - 6 tomahawks of returning (quivered)
 Z - 9 throwing nets {+f}
Armour
 a - a +4 shield of resistance (worn) {rC+, rF+}
 b - a +2 hat of magic resistance (worn) {MR+}
 d - the +2 chain mail of Jeryfoj (worn) {rF- Regen+ Str+7 Int+3}
   (You found it on level 13 of the Dungeon)

   It affects your strength (+7).
   It affects your intelligence (+3).
   It makes you vulnerable to fire.
   It increases your rate of regeneration.
 k - the +1 pair of gloves of Insatiable Hunger (worn) {rPois Slay+3}
   (Okawaru gifted it to you on level 2 of the Orcish Mines)

   It affects your accuracy and damage with ranged weapons and melee attacks
   (+3).
   It protects you from poison.
 L - a scarf of repulsion (worn)
 V - the +8 ring mail of Xacoygu {+Inv rF++ Str+8 Int-3}
   (Okawaru gifted it to you on level 2 of the Depths)

   It affects your strength (+8).
   It affects your intelligence (-3).
   It greatly protects you from fire.
   It lets you turn invisible.
Jewellery
 f - the ring "Erisoxio" (right hand) {rF+ Slay+2 SInv}
   (You bought it in a shop on level 1 of the Shoals)

   [ring of protection from fire]

   It affects your accuracy and damage with ranged weapons and melee attacks
   (+2).
   It protects you from fire.
   It lets you see invisible.
 j - an amulet of faith (around neck) {Faith}
 m - an uncursed ring of see invisible {SInv}
 s - an uncursed ring of see invisible {SInv}
 w - the ring "Myxkosor" {rN+++ MP+9 Str-4 Int-3 Dex+6}
   (You found it on level 3 of the Shoals)

   [ring of magical power]

   It affects your strength (-4).
   It affects your intelligence (-3).
   It affects your dexterity (+6).
   It renders you almost immune to negative energy.
   It affects your magic capacity (+9).
 x - the amulet of Vitality {Regen+ HP+15}
   (You found it on level 1 of the Depths)

   [amulet of regeneration]

   It affects your health (+15).
   It increases your rate of regeneration.
 X - the ring of Xume (left hand) {rF+ rC+ Str-3 Dex+3}
   (You found it on level 6 of the Lair of Beasts)

   [ring of protection from cold]

   It affects your strength (-3).
   It affects your dexterity (+3).
   It protects you from fire.
   It protects you from cold.
Wands
 q - a wand of disintegration (34)
 A - a wand of acid (11)
 C - a wand of polymorph (30)
 D - a wand of digging (19)
 E - a wand of enslavement (15)
 I - a wand of iceblast (52)
 P - a wand of paralysis (27)
Scrolls
 c - 11 scrolls of amnesia
 e - 3 scrolls of fog
 n - 8 scrolls of fear
 o - 9 scrolls of enchant weapon
 p - 4 scrolls of brand weapon
 u - a scroll of silence
 B - a scroll of blinking {@r4}
 G - 2 scrolls of vulnerability
 J - 2 scrolls of immolation
 K - a scroll of summoning
 M - 6 scrolls of magic mapping
 N - 19 scrolls of remove curse {@r2}
 R - 9 scrolls of identify {@r1}
 T - 24 scrolls of teleportation {@r3}
Potions
 g - 2 potions of invisibility
 h - 4 potions of might {Str+5 DMG+1d10 | @q3}
 l - 2 potions of flight
 t - 4 potions of berserk rage
 v - 3 potions of agility {Stlth+ Dex+5 EV+5 | @q4}
 F - 3 potions of brilliance {Archmagi Int+5 Wiz++}
 H - 7 potions of haste {@q5}
 O - a potion of cancellation
 Q - a potion of curing {@q2}
 U - a potion of heal wounds {@q1}
 W - 2 potions of magic
 Y - a potion of resistance {rF+ rC+ rPois rElec rCorr}
Comestibles
 z - 59 rations


   Skills:
 + Level 11.5(15.8) Fighting
 - Level 10.0(14.3) Maces & Flails
 - Level 0.8(5.3) Throwing
 + Level 11.3(15.6) Armour
 + Level 11.3(15.6) Dodging
 - Level 20.0(24.1) Shields
 - Level 3.7(8.1) Unarmed Combat
 - Level 7.7(7.2) Spellcasting
 - Level 3.1(2.6) Conjurations
 - Level 8.4(7.8) Hexes
 - Level 2.8(2.3) Charms
 - Level 6.0(5.4) Summonings
 - Level 3.4(2.9) Necromancy
 - Level 4.1(3.6) Translocations
 - Level 3.0(2.5) Fire Magic
 - Level 2.8(2.3) Ice Magic
 - Level 5.4(4.9) Air Magic
 - Level 3.2(2.7) Poison Magic
 - Level 20.0(19.2) Invocations


You had 9 spell levels left.
You knew the following spells:

 Your Spells              Type           Power        Failure   Level  Hunger
b - Animate Skeleton      Necr           N/A          3%          1    None
d - Blink                 Tloc           N/A          4%          2    None
e - Lesser Beckoning      Tloc           ####......   9%          3    None
h - Ozocubu's Armour      Chrm/Ice       ###.....     14%         3    None
j - Conjure Flame         Conj/Fire      ###.....     14%         3    None
m - Mephitic Cloud        Conj/Pois/Air  ###.....     10%         3    None
q - Confusing Touch       Hex            #####.       1%          1    None
I - Invisibility          Hex            #####...     61%         6    ######.
L - Summon Lightning Spi  Summ/Air       ####....     16%         4    ###....

Your spell library contained the following spells:

 Spells                   Type           Power        Failure   Level  Hunger
 Corona                   Hex            #####..      1%          1    None
 Summon Butterflies       Summ           ####....     1%          1    None
 Summon Small Mammal      Summ           ####         1%          1    None
 Call Imp                 Summ           ####....     1%          2    None
 Slow                     Hex            #####...     1%          2    None
 Confuse                  Hex            #####...     1%          3    None
 Tukima's Dance           Hex            #####...     1%          3    None
 Summon Guardian Golem    Hex/Summ       #####...     2%          3    None
 Apportation              Tloc           ####..       3%          1    None
 Portal Projectile        Hex/Tloc       ####..       3%          3    None
 Freeze                   Ice            ###.         4%          1    None
 Magic Dart               Conj           ###.         4%          1    None
 Poisonous Vapours        Pois/Air       ####..       4%          2    None
 Call Canine Familiar     Summ           ####....     4%          3    None
 Dazzling Spray           Conj/Hex       ####..       4%          3    None
 Inner Flame              Hex/Fire       ####....     4%          3    None
 Cause Fear               Hex            #####.....   4%          4    ###....
 Corpse Rot               Necr           N/A          6%          2    None
 Shroud of Golubria       Chrm/Tloc      ###.......   6%          2    None
 Sublimation of Blood     Necr           ###.......   6%          2    None
 Searing Ray              Conj           ###...       7%          2    None
 Throw Frost              Conj/Ice       ###...       7%          2    None
 Gell's Gravitas          Tloc           ####......   9%          3    None
 Teleport Other           Tloc           ####....     9%          3    None
 Fulminant Prism          Conj/Hex       ####......   16%         4    ###....
 Leda's Liquefaction      Hex/Erth       ####......   26%         4    ###....
 Summon Ice Beast         Ice/Summ       ####....     26%         4    ###....
 Silence                  Hex/Air        #####.....   26%         5    #####..
 Passage of Golubria      Tloc           N/A          28%         4    ###....
 Force Lance              Conj/Tloc      ###.....     34%         4    ###....
 Iskenderun's Mystic Bla  Conj           ###.....     41%         4    ###....
 Metabolic Englaciation   Hex/Ice        ####......   41%         5    #####..
 Throw Icicle             Conj/Ice       ###.....     43%         4    ###....
 Yara's Violent Unravell  Hex/Tmut       ####......   58%         5    #####..
 Agony                    Necr           ###.....     71%         5    #####..
 Dispel Undead            Necr           ###.....     71%         5    #####..
 Bolt of Draining         Conj/Necr      ###.......   75%         5    #####..
 Excruciating Wounds      Chrm/Necr      ###.......   77%         5    #####..
 Petrify                  Tmut/Erth      #.......     78%         4    ###....
 Bolt of Magma            Conj/Fire/Erth ###.......   87%         5    #####..
 Alistair's Intoxication  Tmut/Pois      ##......     90%         5    #####..
 Conjure Ball Lightning   Conj/Air       ####......   99%         6    ######.
 Deflect Missiles         Chrm/Air       ####......   99%         6    ######.
 Freezing Cloud           Conj/Ice/Air   ###.......   99%         6    ######.
 Iron Shot                Conj/Erth      ##........   100%        6    ######.
 Statue Form              Tmut/Erth      #........    100%        6    ######.
 Ring of Flames           Chrm/Fire      ###.......   100%        7    #######
 Shatter                  Erth           #.........   100%        9    #######
 Tornado                  Air            ####......   100%        9    #######


Dungeon Overview and Level Annotations

Branches:
Dungeon (15/15)            Temple (1/1) D:5            Lair (6/6) D:11
 Shoals (4/4) Lair:2        Snake (4/4) Lair:4        Slime (0/5) Lair:6
    Orc (2/2) D:10            Elf (0/3) Orc:2        Vaults (0/5) D:14
 Depths (4/5) D:15

Altars:
Ashenzari
Cheibriados
Dithmenos
Elyvilon
Fedhas
Gozag
Hepliaklqana
Kikubaaqudgha
Makhleb
Nemelex Xobeh
Okawaru
Qazlal
Ru
Sif Muna
Trog
Uskayaw
Vehumet
Wu Jian
Xom
Yredelemnul
Zin
The Shining One
Beogh
Jiyva

Shops:
D:10 %   D:12 ?   Orc:1 (   Orc:2 [(??   Shoals:1 =   Shoals:2 (   Shoals:3 *
Shoals:4 (*   Depths:3 !?*

Portals:
Hell: Depths:1 Depths:2 Depths:3
Abyss: Depths:1 Depths:4
Pandemonium: Depths:1 Depths:3

Annotations:
Lair:6 1 runed translucent door, Kristarius's ghost, journeyman GrEE


Innate Abilities, Weirdness & Mutations

You have hooves in place of feet.
You frequently emit foul miasma when damaged in melee.
You are powered by pain.
You are robust. (+10% HP)
You are immune to rotting.
Your movements are significantly less encumbered by armour. (ER -6)
You have sharp fingernails.
You expend magic power (3 MP) to strengthen your wands.


Message History

Press ? for a list of commands and other information.
Welcome back, Redear the Demonspawn Warper.
Okawaru says: Bring me glory in combat!
Press ? for a list of commands and other information.
Welcome back, Redear the Demonspawn Warper.
Okawaru says: Bring me glory in combat!
Press ? for a list of commands and other information.
Welcome back, Redear the Demonspawn Warper.
Okawaru says: Bring me glory in combat!
Press ? for a list of commands and other information.
Unknown command.
Unknown command.
Unknown command.
Okay, then.
Unknown command.
Okay, then.
Unknown command.
You hear a grinding noise.
The yaktaur captain shoots a bolt.
The bolt hits you!
You die...

#)<(###.[.........#.
#[[## ##............
##[## #####........
#}[# ##..^.... ##..#
#....... #..###
##....... ##.[.##
#........
#..[.##.#####........
##..@......##........
#......#.#c#.)}.#...
##......# ##.....##..
##....)..# ##..T.##..
#........# #.#cQT##..
##........ #..CTT##..
##.....<## ##..†.##..
###...## ##......D
##### #...#...


You could see a yaktaur captain.

Vanquished Creatures
  Mara (Snake:3)
  2 juggernauts
  Bai Suzhen (Depths:1)
  Vashnia (Snake:2)
  Frederick (Depths:3)
  Nikola (Depths:2)
  A golden dragon (Depths:2)
  Jorgrun (Shoals:2)
  Asterion (Depths:1)
  Rupert (D:15)
  Frances (Shoals:2)
  A sphinx (Depths:2)
  Polyphemus (Shoals:4)
  A kraken (Shoals:4)
  Kirke (Lair:5)
  2 storm dragons
  A shadow dragon (Depths:4)
  The ghost of Iphiug Qeph the Peltast, an adept GrFi of Wu Jian (Shoals:3)
  6 fire giants
  An iron dragon (Depths:4)
  10 nagarajas
  Aizul (Shoals:4)
  11 frost giants
  The ghost of jotwebe the Brawler, a journeyman DrTm of Dithmenos (Shoals:1)
  A balrug (Depths:2)
  An orc warlord (Orc:2)
  Louise (Snake:4)
  3 spriggan defenders
  10 stone giants
  A very ugly thing (Depths:3)
  5 vampire knights
  An entropy weaver (shapeshifter) (Depths:3)
  A deep elf annihilator (Depths:2)
  7 spark wasps
  The ghost of Miwiyf the Severer, a journeyman DDFi of Makhleb (Lair:3)
  4 merfolk javelineers
  Snorg (Orc:2)
  12 ettins
  6 merfolk impalers
  2 jiangshi (Depths:2)
  9 fire dragons
  2 yaktaur captains
  5 ice dragons
  A deep elf high priest (Depths:2)
  7 rakshasas
  5 great orbs of eyes
  A vault guard (D:14)
  6 hydras
  Fannar (Orc:1)
  Harold (D:7)
  6 catoblepae
  20 naga warriors
  Erica (D:10)
  5 alligator snapping turtles
  8 merfolk aquamancers
  A two-headed ogre (shapeshifter) (Depths:1)
  6 centaur warriors
  17 two-headed ogres
  4 merfolk avatars
  7 anacondas
  An alligator (Shoals:2)
  3 ogre magi
  3 spriggan air magi
  7 deep troll shamans
  12 death yaks
  5 deep troll earth magi
  11 tengu warriors
  4 vampire magi
  An orc high priest (Orc:2)
  8 shock serpents
  2 sun demons (Depths:2)
  2 spriggan berserkers
  20 naga sharpshooters
  Sonja (D:13)
  5 spriggans
  The ghost of Zigma the Grappler, a novice DrMo of Dithmenos (D:6)
  3 iron trolls (Depths:4)
  18 hell knights
  4 salamander mystics
  16 deep trolls
  A flayed ghost (Depths:3)
  3 unseen horrors
  3 wizards
  2 glowing orange brains
  6 sea snakes
  10 naga ritualists
  17 harpies
  2 phantasmal warriors (Depths:4)
  An obsidian statue (Shoals:3)
  3 oklob plants
  6 fauns
  15 ugly things
  A deep elf mage (D:13)
  The ghost of Esekla the Slicer, a novice SpAK of Lugonu (D:7)
  4 necromancers
  An orc sorcerer (Orc:2)
  11 mana vipers
  26 manticores
  A salamander (shapeshifter) (Depths:2)
  3 cyclopes
  A cyclops (shapeshifter) (Depths:1)
  13 salamanders
  20 naga magi
  A black mamba (shapeshifter) (Depths:2)
  A rust devil (Depths:1)
  39 black mambas
  12 merfolk sirens
  Maurice (D:9)
  18 elephants
  3 centaur zombies
  4 guardian serpents
  5 water nymphs
  A torpor snail (shapeshifter) (Depths:3)
  A gargoyle (D:11)
  5 large abominations (Depths:1)
  10 spiny frogs
  8 komodo dragons
  5 rime drakes
  2 freezing wraiths
  19 yaktaurs
  7 tengu conjurers
  26 merfolk
  Grinder (D:4)
  6 trolls
  3 meliai (D:15)
  5 wind drakes
  A harpy skeleton (D:15)
  6 hornets
  29 blink frogs
  8 snapping turtles
  2 dream sheep (Shoals:3)
  12 hippogriffs
  2 shadows
  A vampire (D:12)
  A wraith (D:11)
  13 water elementals
  36 yaks
  A basilisk (Lair:4)
  3 hungry ghosts (D:11)
  A human (D:7)
  9 vampire mosquitoes
  11 hogs
  Menkaure (D:6)
  66 nagas
  3 acid dragons
  A hydra simulacrum (Lair:3)
  A soldier ant (D:15)
  A floating eye (Depths:4)
  29 water moccasins
  11 porcupines
  A hornet zombie (D:15)
  3 ice beasts
  4 sky beasts
  A black mamba simulacrum (Lair:3)
  36 orc warriors
  2 black bears
  2 necrophages
  12 ogres
  14 wolves
  A boggart (Depths:2)
  21 centaurs
  12 crocodiles
  7 small abominations (Depths:1)
  A big kobold (D:8)
  19 bullfrogs
  A spiny frog simulacrum (Lair:3)
  Blork the orc (D:6)
  A blink frog simulacrum (Lair:3)
  3 jellies
  2 scorpions
  6 killer bees (D:9)
  19 wights
  5 electric eels
  7 howler monkeys
  A spectral centaur (D:6)
  2 bullfrog zombies
  4 crimson imps
  2 quasits
  A wyvern simulacrum (D:6)
  A gnoll shaman (D:5)
  12 hounds
  23 orc wizards
  A hippogriff simulacrum (Lair:3)
  3 bullfrog skeletons
  19 orc priests
  A water moccasin simulacrum (Lair:3)
  5 centaur skeletons
  Ijyb (D:4)
  7 iguanas
  13 worker ants
  5 polar bear simulacra
  2 yak simulacra (D:13)
  A wolf simulacrum (D:13)
  A hound zombie (D:7)
  Robin (D:3)
  4 gnolls (D:5)
  15 adders
  7 shadow imps
  4 oozes
  An adder zombie (D:9)
  3 adder skeletons
  2 worms (D:3)
  A dart slug (D:2)
  5 leopard geckos
  74 orcs
  8 bats
  3 giant cockroaches
  11 goblins
  12 hobgoblins
  17 jackals
  7 kobolds
  4 quokkas
  3 ball pythons
  5 frilled lizards
  A leopard gecko skeleton (D:6)
  A leopard gecko zombie (D:6)
  A quokka skeleton (D:6)
  6 rats
  4 river rat simulacra (D:13)
  2 plants (Shoals:4)
  4 tentacles (Shoals:4)
1422 creatures vanquished.

Vanquished Creatures (others)
  A fire dragon (D:15)
  An ugly thing (Depths:3)
  2 merfolk sirens (Shoals:3)
  A water nymph (Shoals:4)
  An orc (D:11)
  4 fungi (Lair:6)
  5 plants
  18 tentacles (Shoals:4)
33 creatures vanquished.

Grand Total: 1455 creatures vanquished

Notes
Turn   | Place    | Note
-------+----------+-------------------------------------------
     0 | D:1      | Redear the Demonspawn Warper began the quest for the Orb.
     0 | D:1      | Reached XP level 1. HP: 16/16 MP: 3/3
   131 | D:1      | Reached skill level 1 in Armour
   230 | D:1      | Reached skill level 2 in Dodging
   230 | D:1      | Reached skill level 2 in Unarmed Combat
   541 | D:1      | Gained mutation: You have large cloven feet. [demonic
                  | ancestry]
   541 | D:1      | Reached XP level 2. HP: 21/22 MP: 5/5
  1063 | D:1      | HP: 1/23 [adder (4)]
  1069 | D:1      | Reached XP level 3. HP: 28/28 MP: 6/6
  1904 | D:2      | Found an iron altar of Okawaru.
  2229 | D:2      | Became a worshipper of Warmaster Okawaru
  2284 | D:3      | Found a faded altar of an unknown god.
  2317 | D:3      | Noticed Robin
  2329 | D:3      | Gained mutation: You sometimes gain a little power by
                  | taking damage. [demonic ancestry]
  2329 | D:3      | Reached XP level 4. HP: 21/34 MP: 7/7
  2357 | D:3      | HP: 3/34 [goblin/+0 club[Robin] (9)]
  2376 | D:3      | Killed Robin
  2379 | D:3      | Reached skill level 1 in Invocations
  2800 | D:3      | Reached skill level 2 in Armour
  3489 | D:4      | Reached skill level 3 in Fighting
  3489 | D:4      | Gained mutation: You have hoof-like feet. [demonic
                  | ancestry]
  3489 | D:4      | Reached XP level 5. HP: 11/41 MP: 8/8
  3498 | D:4      | HP: 6/61 [poisoned by a scorpion]
  3504 | D:4      | HP: 4/61 [poisoned by a scorpion]
  3512 | D:4      | HP: 4/61 [poisoned by a scorpion]
  3520 | D:4      | HP: 4/61 [poisoned by a scorpion]
  3825 | D:4      | Reached skill level 2 in Invocations
  3831 | D:4      | Noticed an ogre
  3835 | D:4      | Reached skill level 3 in Dodging
  3835 | D:4      | Reached skill level 1 in Shields
  3835 | D:4      | Reached skill level 3 in Unarmed Combat
  4111 | D:4      | Killed an ogre
  4111 | D:4      | Reached * piety under Okawaru
  4111 | D:4      | Gained mutation: You are immune to rotting. [demonic
                  | ancestry]
  4111 | D:4      | Reached XP level 6. HP: 8/47 MP: 9/9
  4115 | D:4      | HP: 7/70 [poisoned by a worker ant]
  4124 | D:4      | HP: 6/70 [poisoned by a worker ant]
  4126 | D:4      | Reached skill level 3 in Invocations
  4130 | D:4      | HP: 6/70 [poisoned by a worker ant]
  4136 | D:4      | HP: 6/70 [poisoned by a worker ant]
  4142 | D:4      | HP: 3/47 [poisoned by a worker ant]
  4486 | D:4      | Noticed Ijyb
  4541 | D:4      | Killed Ijyb
  4973 | D:4      | Reached skill level 2 in Shields
  4973 | D:4      | Gained mutation: Your movements are slightly less
                  | encumbered by armour. (ER -2) [demonic ancestry]
  4973 | D:4      | Reached XP level 7. HP: 19/53 MP: 10/10
  5258 | D:4      | You fall through a shaft for 3 floors!
  5489 | D:7      | Reached skill level 4 in Fighting
  5566 | D:7      | Found a transporter.
  5566 | D:7      | Noticed Esekla's ghost (novice SpAK)
  5599 | D:7      | Found a transporter.
  5704 | D:6      | Reached skill level 4 in Invocations
  5727 | D:6      | Found a burning altar of Makhleb.
  5744 | D:6      | Got a crystal whip
  5757 | D:6      | Identified the +8 whip of the Gnat {freeze, rElec Int+4}
                  | (You found it on level 6 of the Dungeon)
  5868 | D:6      | Noticed Blork the orc
  5875 | D:6      | Killed Blork the orc
  5959 | D:6      | Found a bloodstained altar of Trog.
  6001 | D:6      | Noticed Menkaure
  6023 | D:6      | Killed Menkaure
  6023 | D:6      | Reached skill level 1 in Maces & Flails
  6023 | D:6      | Reached skill level 4 in Dodging
  6247 | D:6      | Learned a level 1 spell: Animate Skeleton
  6249 | D:6      | Learned a level 1 spell: Confusing Touch
  6254 | D:6      | Found a runed translucent gate.
  6254 | D:6      | Found a runed translucent gate.
  6254 | D:6      | Found a runed translucent gate.
  6431 | D:6      | Noticed Zigma's ghost (novice DrMo)
  6460 | D:5      | Entered Level 5 of the Dungeon
  6514 | D:5      | Gained mutation: You sometimes gain power by taking damage.
                  | [demonic ancestry]
  6514 | D:5      | Reached XP level 8. HP: 61/61 MP: 11/11
  6673 | D:5      | Found a staircase to the Ecumenical Temple.
  6684 | D:5      | Reached skill level 3 in Shields
  6709 | D:5      | Reached skill level 5 in Invocations
  6732 | D:5      | Reached skill level 2 in Maces & Flails
  6737 | D:5      | Reached skill level 5 in Fighting
  7262 | Temple   | Entered the Ecumenical Temple
  7458 | D:4      | Noticed Grinder
  7471 | D:4      | Paralysed by Grinder for 3 turns
  7475 | D:4      | Killed Grinder
  7475 | D:4      | Reached ** piety under Okawaru
  7674 | D:7      | Noticed Harold
  7689 | D:7      | Killed Harold
  7689 | D:7      | Reached *** piety under Okawaru
  7689 | D:7      | Reached skill level 3 in Maces & Flails
  7689 | D:7      | Reached skill level 5 in Dodging
  7689 | D:7      | Reached skill level 4 in Shields
  7689 | D:7      | Reached skill level 6 in Invocations
  7689 | D:7      | Reached XP level 9. HP: 47/69 MP: 11/14
  8456 | D:7      | Reached skill level 6 in Fighting
  8456 | D:7      | Reached skill level 7 in Invocations
  8465 | D:7      | Reached skill level 4 in Maces & Flails
  8473 | D:7      | Reached **** piety under Okawaru
  8802 | D:8      | Reached skill level 5 in Shields
  8815 | D:8      | Reached skill level 6 in Dodging
  8863 | D:8      | Found the +8 storm bow {elec, penet}
  8933 | D:8      | Reached skill level 8 in Invocations
  8945 | D:8      | Reached XP level 10. HP: 61/77 MP: 14/16
  9341 | D:9      | Noticed Maurice
  9355 | D:9      | Killed Maurice
  9376 | D:9      | Reached skill level 7 in Fighting
  9410 | D:9      | Reached skill level 5 in Maces & Flails
 10095 | D:9      | Noticed a two-headed ogre
 10111 | D:9      | Killed a two-headed ogre
 10111 | D:9      | Reached ***** piety under Okawaru
 10111 | D:9      | Reached skill level 6 in Shields
 10111 | D:9      | Reached skill level 9 in Invocations
 10382 | D:10     | Entered Level 10 of the Dungeon
 10505 | D:10     | Found a blossoming altar of Fedhas.
 10569 | D:10     | Reached skill level 7 in Dodging
 10608 | D:10     | Found a staircase to the Orcish Mines.
 10922 | D:10     | Noticed a two-headed ogre
 10934 | D:10     | Killed a two-headed ogre
 11007 | D:10     | Gained mutation: You have hooves in place of feet. [demonic
                  | ancestry]
 11007 | D:10     | Reached XP level 11. HP: 66/86 MP: 18/18
 11084 | D:10     | Reached skill level 6 in Maces & Flails
 11090 | D:10     | Found Eptaappo's Food Shoppe.
 11099 | D:10     | Noticed Erica
 11110 | D:10     | Killed Erica
 11110 | D:10     | Received a gift from Okawaru
 11110 | D:10     | Reached skill level 8 in Fighting
 11333 | D:11     | Reached skill level 10 in Invocations
 11363 | D:11     | Noticed a cyan ugly thing
 11376 | D:11     | Killed a cyan ugly thing
 11376 | D:11     | Reached skill level 7 in Shields
 11692 | D:11     | Found a staircase to the Lair.
 11727 | D:11     | Noticed a purple ugly thing
 11739 | D:11     | Killed a purple ugly thing
 11790 | D:11     | Killed an unseen horror
 11899 | D:11     | Noticed a brown ugly thing
 11914 | D:11     | Killed a brown ugly thing
 11920 | D:11     | Reached skill level 8 in Dodging
 12119 | D:11     | Reached skill level 7 in Maces & Flails
 12338 | D:12     | Found Xenk's Magic Scroll Boutique.
 12409 | D:12     | Reached skill level 9 in Fighting
 12435 | D:12     | Reached skill level 11 in Invocations
 12644 | D:12     | Reached XP level 12. HP: 44/95 MP: 20/20
 13540 | D:13     | Got a bloodstained chain mail
 13552 | D:13     | Identified the +2 chain mail of Jeryfoj {rF- Regen+ Str+7
                  | Int+3} (You found it on level 13 of the Dungeon)
 13678 | D:13     | Reached skill level 8 in Shields
 13876 | D:13     | Received a gift from Okawaru
 14299 | D:13     | Noticed a rakshasa
 14299 | D:13     | Noticed a centaur warrior
 14329 | D:13     | Killed a centaur warrior
 14335 | D:13     | Killed a rakshasa
 14484 | D:13     | Reached skill level 9 in Dodging
 14563 | D:13     | Noticed a centaur warrior
 14585 | D:13     | Killed a centaur warrior
 14585 | D:13     | Reached skill level 8 in Maces & Flails
 14600 | D:13     | Learned a level 3 spell: Conjure Flame
 14604 | D:13     | Learned a level 3 spell: Mephitic Cloud
 14607 | D:13     | Learned a level 2 spell: Blink
 14927 | D:13     | Noticed Sonja
 14937 | D:13     | Killed Sonja
 15037 | D:13     | Reached skill level 12 in Invocations
 15330 | D:14     | Noticed a vault guard
 15351 | D:14     | Killed a vault guard
 15351 | D:14     | Reached skill level 10 in Fighting
 15384 | D:14     | Found a gate to the Vaults.
 15892 | D:14     | Noticed a tengu warrior
 15892 | D:14     | Noticed a four-headed hydra
 15913 | D:14     | Killed a tengu warrior
 15913 | D:14     | Reached skill level 9 in Shields
 15923 | D:14     | Killed a four-headed hydra
 15923 | D:14     | Gained mutation: Your movements are less encumbered by
                  | armour. (ER -4) [demonic ancestry]
 15923 | D:14     | Reached XP level 13. HP: 67/103 MP: 17/22
 16002 | D:14     | Received a gift from Okawaru
 16210 | D:15     | Entered Level 15 of the Dungeon
 16252 | D:15     | Reached skill level 9 in Maces & Flails
 16331 | D:15     | Noticed Rupert
 16354 | D:15     | Killed Rupert
 16354 | D:15     | Reached skill level 10 in Dodging
 16354 | D:15     | Reached skill level 13 in Invocations
 16457 | D:15     | Noticed a fire dragon
 16458 | D:15     | Noticed a fire dragon
 16470 | D:15     | Killed a fire dragon
 16479 | D:15     | Killed a fire dragon
 16483 | D:15     | Found a staircase to the Depths.
 16579 | D:15     | Reached skill level 10 in Shields
 16811 | D:15     | Received a gift from Okawaru
 16971 | D:15     | Got a polished chain mail
 17339 | D:15     | Received a gift from Okawaru
 17346 | D:15     | Got a polished rapier {god gift}
 17347 | D:15     | Identified the +8 rapier "Killer Klown's Regret" {pain,
                  | *Slow rN+ Str+2 SInv} (Okawaru gifted it to you on level 15
                  | of the Dungeon)
 17557 | Orc:1    | Entered Level 1 of the Orcish Mines
 17557 | Orc:1    | Noticed Fannar
 17571 | Orc:1    | Killed Fannar
 17703 | Orc:2    | Entered Level 2 of the Orcish Mines
 17739 | Orc:2    | Noticed Snorg
 17753 | Orc:2    | Killed Snorg
 17753 | Orc:2    | Reached skill level 14 in Invocations
 17820 | Orc:2    | Reached skill level 10 in Maces & Flails
 17851 | Orc:2    | Found a roughly hewn altar of Beogh.
 18220 | Orc:2    | Found a roughly hewn altar of Beogh.
 18221 | Orc:2    | Found Tuju's Magic Scroll Shop.
 18245 | Orc:2    | Bought a scroll of identify for 30 gold pieces
 18245 | Orc:2    | Bought a scroll of identify for 30 gold pieces
 18287 | Orc:2    | Found a roughly hewn altar of Beogh.
 18393 | Orc:2    | Noticed an orc warlord
 18456 | Orc:2    | Killed an orc warlord
 18456 | Orc:2    | Received a gift from Okawaru
 18458 | Orc:2    | Gained mutation: You may emit foul miasma when damaged in
                  | melee. [demonic ancestry]
 18458 | Orc:2    | Reached XP level 14. HP: 75/110 MP: 24/24
 18518 | Orc:2    | Identified the +2 chain mail "Zaisek" {-Tele rN++ Dex+3}
                  | (You found it on level 15 of the Dungeon)
 18531 | Orc:2    | Got a pair of scorched gloves {god gift}
 18543 | Orc:2    | Identified the +1 pair of gloves of Insatiable Hunger
                  | {rPois Slay+3} (Okawaru gifted it to you on level 2 of the
                  | Orcish Mines)
 18564 | Orc:2    | Found Nanique's Antique Armour Emporium.
 18566 | Orc:2    | Found a roughly hewn altar of Beogh.
 18571 | Orc:2    | Found Fayggaa's Antique Weapon Shoppe.
 18873 | Orc:2    | Found a staircase to the Elven Halls.
 19034 | Orc:2    | Found a roughly hewn altar of Beogh.
 19146 | Orc:2    | Found a roughly hewn altar of Beogh.
 19207 | Orc:2    | Found a roughly hewn altar of Beogh.
 19225 | Orc:2    | Found Cesaf's Magic Scroll Shop.
 19231 | Orc:2    | Bought a scroll of blinking for 82 gold pieces
 19231 | Orc:2    | Bought a scroll of identify for 22 gold pieces
 19239 | Orc:2    | Bought a scroll of fear for 38 gold pieces
 19239 | Orc:2    | Bought a scroll of fear for 38 gold pieces
 19239 | Orc:2    | Bought a scroll of teleportation for 33 gold pieces
 19323 | Orc:1    | Found a roughly hewn altar of Beogh.
 19416 | Orc:1    | Found Exzuve's Weapon Shoppe.
 19814 | Lair:1   | Entered Level 1 of the Lair of Beasts
 19920 | Lair:1   | Reached skill level 11 in Shields
 20372 | Lair:1   | Reached skill level 3 in Armour
 20834 | Lair:2   | Found a staircase to the Shoals.
 21145 | Lair:2   | Reached skill level 4 in Armour
 21567 | Lair:2   | Got a polished rapier
 21568 | Lair:2   | Identified the cursed +1 rapier of Earthquakes {flame,
                  | +Rage rPois rN+} (You found it on level 2 of the Lair of
                  | Beasts)
 21739 | Lair:2   | Reached skill level 5 in Armour
 21991 | Lair:3   | Found a runed translucent gate.
 21992 | Lair:3   | Found a runed translucent gate.
 21992 | Lair:3   | Found a runed translucent gate.
 22164 | Lair:3   | Received a gift from Okawaru
 22265 | Lair:3   | Found a deep blue altar of Sif Muna.
 22369 | Lair:3   | Noticed Miwiyf's ghost (journeyman DDFi)
 22480 | Lair:3   | Reached skill level 12 in Shields
 22664 | Lair:3   | Reached skill level 6 in Armour
 22674 | Lair:3   | Killed Miwiyf's ghost
 22818 | Lair:4   | Found a staircase to the Snake Pit.
 23120 | Lair:4   | Received a gift from Okawaru
 23201 | Lair:4   | Reached skill level 7 in Armour
 23462 | Lair:4   | Found the +8 whip "Snakebite" {curare, rPois}
 24360 | Lair:5   | Gained mutation: You are powered by pain. [demonic
                  | ancestry]
 24360 | Lair:5   | Reached XP level 15. HP: 115/115 MP: 26/26
 24384 | Lair:5   | Noticed Kirke
 24420 | Lair:5   | Killed Kirke
 24829 | Lair:5   | Reached skill level 8 in Armour
 25179 | Lair:6   | Entered Level 6 of the Lair of Beasts
 25193 | Lair:6   | Reached skill level 13 in Shields
 25210 | Lair:6   | Reached ****** piety under Okawaru
 25349 | Lair:6   | Received a gift from Okawaru
 25443 | Lair:6   | Found a viscous altar of Jiyva.
 25443 | Lair:6   | Found a staircase to the Slime Pits.
 25452 | Lair:6   | Got a heavily runed ring mail
 25464 | Lair:6   | Identified the +1 ring mail "Igrumu" {rN+} (You found it on
                  | level 6 of the Lair of Beasts)
 25516 | Lair:6   | Found a runed translucent door.
 25520 | Lair:6   | Noticed Kristarius's ghost (journeyman GrEE)
 25660 | Lair:6   | Reached skill level 9 in Armour
 25756 | Lair:6   | Received a gift from Okawaru
 25851 | Lair:6   | Got a translucent golden ring
 25994 | Lair:6   | Identified the ring of Xume {rF+ rC+ Str-3 Dex+3} (You
                  | found it on level 6 of the Lair of Beasts)
 26426 | Snake:1  | Entered Level 1 of the Snake Pit
 26460 | Snake:1  | Found a burning altar of Makhleb.
 26503 | Snake:1  | Reached skill level 10 in Armour
 26503 | Snake:1  | Reached skill level 14 in Shields
 26783 | Snake:1  | Received a gift from Okawaru
 26804 | Snake:1  | Gained mutation: Your body sometimes deteriorates upon
                  | taking damage. [potion of mutation]
 26804 | Snake:1  | Gained mutation: You are dopey. (Int -2) [potion of
                  | mutation]
 26804 | Snake:1  | Gained mutation: You are agile. (Dex +2) [potion of
                  | mutation]
 26805 | Snake:1  | Lost mutation: Your body sometimes deteriorates upon taking
                  | damage. [potion of mutation]
 26805 | Snake:1  | Lost mutation: You are dopey. (Int -2) [potion of mutation]
 26805 | Snake:1  | Lost mutation: You are agile. (Dex +2) [potion of mutation]
 26805 | Snake:1  | Gained mutation: You have sharp fingernails. [potion of
                  | mutation]
 26805 | Snake:1  | Gained mutation: You expend magic power (3 MP) to
                  | strengthen your wands. [potion of mutation]
 27016 | Snake:1  | Reached XP level 16. HP: 90/122 MP: 27/27
 27232 | Snake:1  | Reached skill level 15 in Shields
 27451 | Snake:2  | Noticed Vashnia
 27536 | Snake:2  | Reached skill level 15 in Invocations
 27593 | Snake:2  | Reached skill level 3 in Spellcasting
 27703 | Snake:2  | Reached skill level 4 in Spellcasting
 27805 | Snake:2  | Killed Vashnia
 27805 | Snake:2  | Reached skill level 5 in Spellcasting
 27812 | Snake:2  | HP: 12/122 [naga sharpshooter/bolt[Vashnia] (25)]
 27821 | Snake:2  | Reached skill level 6 in Spellcasting
 28202 | Snake:2  | Learned a level 3 spell: Lesser Beckoning
 28207 | Snake:2  | Learned a level 4 spell: Summon Lightning Spire
 28214 | Snake:2  | Learned a level 6 spell: Invisibility
 28218 | Snake:2  | Learned a level 3 spell: Ozocubu's Armour
 28288 | Snake:3  | Received a gift from Okawaru
 28288 | Snake:3  | Reached skill level 7 in Spellcasting
 28396 | Snake:3  | Got a crystal executioner's axe {god gift}
 28704 | Snake:3  | Noticed Mara
 28750 | Snake:3  | Reached skill level 1 in Necromancy
 28934 | Snake:3  | Reached skill level 1 in Poison Magic
 28944 | Snake:3  | Reached skill level 1 in Fire Magic
 28954 | Snake:3  | Received a gift from Okawaru
 28954 | Snake:3  | Reached skill level 1 in Conjurations
 28954 | Snake:3  | Reached skill level 1 in Hexes
 28954 | Snake:3  | Reached skill level 1 in Charms
 28954 | Snake:3  | Reached skill level 1 in Summonings
 28954 | Snake:3  | Reached skill level 1 in Air Magic
 28966 | Snake:3  | Reached skill level 3 in Translocations
 28966 | Snake:3  | Reached skill level 1 in Ice Magic
 29070 | Snake:3  | Noticed Redear's illusion
 29090 | Snake:3  | Killed Mara
 29140 | Snake:3  | Reached skill level 2 in Necromancy
 29637 | Snake:3  | Reached skill level 2 in Summonings
 29641 | Snake:3  | Reached skill level 2 in Poison Magic
 29761 | Snake:4  | Entered Level 4 of the Snake Pit
 29831 | Snake:4  | Reached skill level 2 in Hexes
 29831 | Snake:4  | Reached skill level 2 in Fire Magic
 29840 | Snake:4  | Reached skill level 2 in Conjurations
 30003 | Snake:4  | Reached skill level 2 in Air Magic
 30052 | Snake:4  | Reached skill level 2 in Charms
 30052 | Snake:4  | Gained mutation: Your movements are significantly less
                  | encumbered by armour. (ER -6) [demonic ancestry]
 30052 | Snake:4  | Reached XP level 17. HP: 83/128 MP: 28/28
 30167 | Snake:4  | Reached skill level 2 in Ice Magic
 30276 | Snake:4  | Received a gift from Okawaru
 30626 | Snake:4  | Reached skill level 3 in Necromancy
 30700 | Snake:4  | Noticed Louise
 30714 | Snake:4  | Killed Louise
 30733 | Snake:4  | Reached skill level 3 in Summonings
 30739 | Snake:4  | Reached skill level 4 in Translocations
 30756 | Snake:4  | Reached skill level 3 in Poison Magic
 30901 | Snake:4  | Reached skill level 3 in Conjurations
 30901 | Snake:4  | Reached skill level 3 in Fire Magic
 30916 | Snake:4  | Reached skill level 3 in Hexes
 30916 | Snake:4  | Reached skill level 3 in Air Magic
 31001 | Snake:4  | Reached skill level 4 in Summonings
 31042 | Snake:4  | Reached skill level 4 in Hexes
 31086 | Snake:4  | Reached skill level 4 in Air Magic
 31207 | Snake:4  | Reached skill level 5 in Summonings
 31241 | Snake:4  | Reached skill level 5 in Hexes
 31267 | Snake:4  | Received a gift from Okawaru
 31432 | Snake:4  | Reached skill level 5 in Air Magic
 31566 | Snake:4  | Got a serpentine rune of Zot
 31778 | Shoals:1 | Entered Level 1 of the Shoals
 31852 | Shoals:1 | Reached skill level 6 in Summonings
 31883 | Shoals:1 | Reached skill level 6 in Hexes
 31942 | Shoals:1 | Received a gift from Okawaru
 31943 | Shoals:1 | Found the +8 mithril axe "Arga" {speed, MR+}
 32272 | Shoals:1 | Found a runed translucent door.
 32281 | Shoals:1 | Noticed jotwebe's ghost (journeyman DrTm)
 32316 | Shoals:1 | Gained mutation: You frequently emit foul miasma when
                  | damaged in melee. [demonic ancestry]
 32316 | Shoals:1 | Reached XP level 18. HP: 134/134 MP: 29/29
 32526 | Shoals:1 | Found Fiepra's Jewellery Shoppe.
 32556 | Shoals:1 | Bought the ring "Erisoxio" {rF+ Slay+2 SInv} for 490 gold
                  | pieces
 32690 | Shoals:1 | Killed jotwebe's ghost
 32690 | Shoals:1 | Reached skill level 7 in Hexes
 32874 | Shoals:2 | Received a gift from Okawaru
 32892 | Shoals:2 | Found Rutom's Weapon Emporium.
 32993 | Shoals:2 | Noticed Jorgrun
 33009 | Shoals:2 | Noticed Frances
 33023 | Shoals:2 | Killed Jorgrun
 33023 | Shoals:2 | Received a gift from Okawaru
 33023 | Shoals:2 | Reached skill level 8 in Hexes
 33046 | Shoals:2 | Killed Frances
 33567 | Shoals:3 | Got a vibrating amber ring
 33569 | Shoals:3 | Identified the ring "Myxkosor" {rN+++ MP+9 Str-4 Int-3
                  | Dex+6} (You found it on level 3 of the Shoals)
 33728 | Shoals:3 | Reached skill level 16 in Shields
 33838 | Shoals:3 | Found a runed translucent gate.
 33838 | Shoals:3 | Found a runed translucent gate.
 33838 | Shoals:3 | Found a runed translucent gate.
 33839 | Shoals:3 | Found an opulent altar of Gozag.
 33839 | Shoals:3 | Noticed Iphiug Qeph's ghost (adept GrFi)
 33840 | Shoals:3 | Found Vycarhiy's Assorted Antiques.
 34197 | Shoals:4 | Entered Level 4 of the Shoals
 34337 | Shoals:4 | Noticed Aizul
 34357 | Shoals:4 | Killed Aizul
 34422 | Shoals:4 | Got a barnacled rune of Zot
 34484 | Shoals:4 | Got a scorched ring mail
 34490 | Shoals:4 | Identified the +5 ring mail of Twilight {rF+ rN+ MR+ Dex+3}
                  | (You found it on level 4 of the Shoals)
 34693 | Shoals:4 | Received a gift from Okawaru
 34699 | Shoals:4 | Got a warped flail {god gift}
 34700 | Shoals:4 | Identified the +7 flail "Isanoifiub" {flame, *Rage rPois
                  | MR+ Str+3} (Okawaru gifted it to you on level 4 of the
                  | Shoals)
 34709 | Shoals:4 | Noticed Polyphemus
 34746 | Shoals:4 | Killed Polyphemus
 34746 | Shoals:4 | Reached skill level 17 in Shields
 34918 | Shoals:4 | Got a smoking chain mail
 34929 | Shoals:4 | Identified the cursed +0 chain mail "Ehenobeg" {Str+4} (You
                  | found it on level 4 of the Shoals)
 35204 | Shoals:4 | Found Nadichin's General Store.
 35298 | Shoals:4 | Found Tyijusaj's Weapon Shop.
 35350 | Shoals:4 | Bought a scroll of identify for 28 gold pieces
 35445 | Shoals:3 | Killed Iphiug Qeph's ghost
 35500 | Shoals:3 | Received a gift from Okawaru
 35515 | Shoals:3 | Bought a scroll of blinking for 210 gold pieces
 35515 | Shoals:3 | Bought a scroll of identify for 56 gold pieces
 35515 | Shoals:3 | Bought a potion of curing for 84 gold pieces
 35520 | Shoals:3 | Got a pitted demon blade {god gift}
 35521 | Shoals:3 | Identified the +3 demon blade of Watchfulness {freeze,
                  | rElec} (Okawaru gifted it to you on level 3 of the Shoals)
 35821 | D:6      | Killed Zigma's ghost
 35894 | D:7      | Killed Esekla's ghost
 36046 | Depths:1 | Entered Level 1 of the Depths
 36046 | Depths:1 | Noticed a juggernaut
 36056 | D:15     | Reached XP level 19. HP: 117/140 MP: 27/30
 36077 | Depths:1 | Killed a juggernaut
 36086 | Depths:1 | Reached skill level 18 in Shields
 36098 | Depths:1 | Noticed Bai Suzhen
 36112 | Depths:1 | Killed Bai Suzhen
 36125 | Depths:1 | HP: 14/140 [deep troll (9)]
 36313 | Depths:1 | Got ancient fire dragon scales
 36343 | Depths:1 | Identified the +6 fire dragon scales of the Arcane
                  | {*Corrode rElec rF++ rC- Regen+ Dex+2} (You found it on
                  | level 1 of the Depths)
 36386 | Depths:1 | Received a gift from Okawaru
 36779 | Depths:1 | Found a one-way gate to the infinite horrors of the Abyss.
 36799 | Depths:1 | Noticed Asterion
 36846 | Depths:1 | Killed Asterion
 36850 | Depths:1 | Reached skill level 19 in Shields
 37097 | Depths:1 | Found a one-way gate leading to the halls of Pandemonium.
 37250 | Depths:1 | Found the amulet of Vitality {Regen+ HP+15}
 37500 | Depths:1 | Found a gateway to Hell.
 37791 | Depths:2 | Received a gift from Okawaru
 37814 | Depths:2 | Got a pitted ring mail {god gift}
 37825 | Depths:2 | Identified the +8 ring mail of Xacoygu {+Inv rF++ Str+8
                  | Int-3} (Okawaru gifted it to you on level 2 of the Depths)
 37987 | Depths:2 | Noticed Nikola
 38012 | Depths:2 | Killed Nikola
 38254 | Depths:2 | Reached skill level 20 in Shields
 38470 | Depths:2 | Gained mutation: You are robust. (+10% HP) [demonic
                  | ancestry]
 38470 | Depths:2 | Reached XP level 20. HP: 92/161 MP: 31/31
 38686 | Depths:2 | Reached skill level 16 in Invocations
 38771 | Depths:2 | Noticed a golden dragon
 38798 | Depths:2 | Killed a golden dragon
 38798 | Depths:2 | Received a gift from Okawaru
 38925 | Depths:2 | Reached skill level 17 in Invocations
 39342 | Depths:3 | Found Maev's Distillery.
 39377 | Depths:3 | Reached skill level 18 in Invocations
 39750 | Depths:3 | Reached skill level 19 in Invocations
 39811 | Depths:3 | Received a gift from Okawaru
 39983 | Depths:3 | Found a snail-covered altar of Cheibriados.
 39984 | Depths:3 | Found a blossoming altar of Fedhas.
 39985 | Depths:3 | Found an iron altar of Okawaru.
 39985 | Depths:3 | Found an opulent altar of Gozag.
 40045 | Depths:3 | Found Haunisugg's Assorted Antiques.
 40045 | Depths:3 | Found Ycuff's Magic Scroll Shop.
 40057 | Depths:3 | Bought a scroll of magic mapping for 70 gold pieces
 40063 | Depths:3 | Bought a scroll of magic mapping for 112 gold pieces
 40215 | Depths:3 | Reached skill level 20 in Invocations
 40313 | Depths:3 | Bought a potion of might for 64 gold pieces
 40313 | Depths:3 | Bought a potion of might for 64 gold pieces
 40313 | Depths:3 | Bought a potion of agility for 64 gold pieces
 40411 | Depths:3 | Noticed a juggernaut
 40447 | Depths:3 | Killed a juggernaut
 40511 | Depths:3 | Received a gift from Okawaru
 40522 | Depths:3 | Reached XP level 21. HP: 52/169 MP: 29/35
 41507 | Depths:3 | Noticed Frederick
 41523 | Depths:3 | Killed Frederick
 41523 | Depths:3 | Reached skill level 11 in Fighting
 41618 | Depths:4 | Found a hide-covered altar of Uskayaw.
 41829 | Depths:4 | Reached skill level 11 in Armour
 41829 | Depths:4 | Reached skill level 11 in Dodging
 41967 | Depths:4 | Paralysed by a floating eye for 4 turns
 42238 | Depths:4 | Received a gift from Okawaru
 42249 | Depths:4 | Got a faintly glowing robe {god gift}
 42255 | Depths:4 | Identified the +1 robe "Zuse" {rPois rN+ Str-2} (Okawaru
                  | gifted it to you on level 4 of the Depths)
 42611 | Depths:4 | HP: 4/172 [yaktaur captain/bolt[a fire giant] (41)]
 42612 | Depths:4 | Shot with a bolt by a yaktaur captain

Levels and vault maps discovered:
D:1:      giann_forest_graveyard, layout_basic
D:2:      layout_basic, grunt_ministairs_1, okawaru_gym_becter
D:3:      minmay_angry_zag, layout_basic,
          chequers_ecumenical_altar_simple_redux, uniq_robin
D:4:      layout_cave_pools, first_ration, small_statue_intersection, uniq_ijyb,
          uniq_grinder
D:5:      layout_basic, minmay_temple_entry_statues_pillars
D:6:      layout_basic, nicolae_overflow_hidden_temple,
          gammafunk_ghost_necromancy, bloody_makhleb, uniq_blork_the_orc,
          uniq_menkaure
D:7:      layout_layer_cave, gammafunk_ghost_arena, grunt_livestock, uniq_harold
D:8:      layout_cave_pools
D:9:      layout_loops_ring, minmay_misc_feat_roman, st_stairs_8,
          hangedman_abyss_or_decor_lesser_grid, uniq_maurice
D:10:     layout_roguey, david_orc_1_choice, basic_altar, serial_shops, shop,
          minivault_23, kennysheep_nub, uniq_erica
D:11:     layout_small_grid, erik_lair_island
D:12:     layout_irregular_city, serial_shops, nicolae_shop_stone
D:13:     layout_irregular_city, eino_house_with_fridge, uniq_sonja
D:14:     layout_cave_pools, david_vaults_5
D:15:     grunt_enter_depths_hoard, layout_rooms,
          hangedman_abyss_or_decor_slice, nrook_campfire, hex_tiny,
          chequers_decorated_corner, uniq_rupert
Temple:   grunt_wide_crystal_templ
Lair:1:   layout_roguey, serial_bayou_shore_a
Lair:2:   wander_river, layout_chaotic_city, elwin_shoals_entry_rocks,
          serial_bayou_shore_b, grunt_megastairs_1
Lair:3:   layout_cave_pods, gammafunk_ghost_icy, basic_altar
Lair:4:   minmay_guarded_unrand_snakebite, layout_regular_city,
          minmay_snake_entry_six_corridors, hibernation_bobbens
Lair:5:   nzn_motion_control, layout_gridlike, uniq_kirke
Lair:6:   evilmike_catoblepas_cave, layout_concentric_octagons, slime_altar_1,
          hellmonk_ghost_happy_afterlife, st_stairs_4,
          chequers_serial_rivers_micro_e, minivault_23,
          nicolae_quartered_pool_little, infiniplex_staircase_pool_2,
          serial_bayou_shore_b
Shoals:1: cheibrodos_shoals_baths, layout_shoals, serial_shops,
          nicolae_shop_behind_doors, ebering_ghost_reflecting_pool
Shoals:2: cheibrodos_shoals_roost, layout_shoals, serial_shops, shop,
          nicolae_shoals_siren_and_animal_friends, uniq_frances, uniq_jorgrun
Shoals:3: layout_shoals, ebering_ghost_gozag, nicolae_shoals_aquamancer_cove
Shoals:4: shoals_end_hangedman, layout_shoals, serial_shops, shop, shop,
          nicolae_shoals_this_corrosion, uniq_aizul, uniq_polyphemus
Snake:1:  layout_rooms, lemuel_oklob_altar
Snake:2:  layout_onion_interference, uniq_vashnia
Snake:3:  layout_honeycomb, statue_in_the_mist_lemuel, uniq_mara
Snake:4:  johnstein_snake_rune_scales, layout_cave_town, st_stairs_7,
          serial_bayou_shore_b, uniq_louise
Orc:1:    layout_diamond_mine, basic_altar, serial_shops, shop_fountains,
          uniq_fannar
Orc:2:    grunt_orc_community_town_hall, layout_caves,
          grunt_orc_community_big_house_2, grunt_orc_community_big_house_1,
          grunt_orc_community_house_3, grunt_orc_community_house_3,
          grunt_orc_community_house_2, grunt_orc_community_house_2,
          grunt_orc_community_house_1, grunt_orc_community_house_1,
          mines2_lemuel, uniq_snorg
Depths:1: minmay_ambush_box, layout_cave_pools, grunt_hell_entry_dis_old,
          pan_entry, abyss_entry, minmay_strange_pillars, laboratory,
          uniq_asterion, uniq_bai_suzhen
Depths:2: kennysheep_snake, layout_cave_pools, kennysheep_path_1,
          lightli_too_deep, kennysheep_pointless_box, uniq_nikola
Depths:3: minmay_the_grid_octo_2x2 [minmay_the_grid_octo_thin_diamonds,
          minmay_the_grid_octo_shrine, minmay_the_grid_octo_fan_narrow,
          minmay_the_grid_octo_prize_big_c], layout_gridlike, hell_entry,
          serial_shops, shop, pan_entry, corexii_leaking_fountain,
          minmay_staircase_statues, minmay_shoptagon, uniq_frederick
Depths:4: regret_index_uskayaw_diablada_macabre, layout_cave_shapes,
          enter_ziggurat_c, abyss_entry, hell_entry, minmay_shop_star

Skill      XL: |  1  2  3  4  5  6  7  8  9 10 11 12 13 14 15 16 17 18 19 20 21 |
---------------+----------------------------------------------------------------+-----
Armour         | 1 2 7 10 11 | 11.3
Dodging        | 2 3 4 5 6 7 8 9 10 11 | 11.3
Unarmed Combat | 2 3 |  3.7
Invocations    | 1 2 3 4 6 8 9 11 12 14 15 20 | 20.0
Fighting       | 3 4 5 6 7 9 10 11 | 11.5
Shields        | 1 2 4 5 6 7 9 10 12 14 15 17 20 | 20.0
Maces & Flails | 1 3 4 5 7 8 10 | 10.0
Spellcasting   | 7 |  7.7
Necromancy     | 2 3 |  3.4
Poison Magic   | 2 3 |  3.2
Fire Magic     | 2 3 |  3.0
Conjurations   | 2 3 |  3.1
Hexes          | 2 6 8 |  8.4
Charms         | 2 |  2.8
Summonings     | 2 6 |  6.0
Air Magic      | 2 5 |  5.4
Translocations | 3 4 |  4.1
Ice Magic      | 1 2 |  2.8
Throwing       | |  0.8

Action                   |  1- 3 |  4- 6 |  7- 9 | 10-12 | 13-15 | 16-18 | 19-21 || total
-------------------------+-------+-------+-------+-------+-------+-------+-------++-------
Melee: Unarmed           |   181 |   270 |    64 |       |       |       |       ||   515
       Kick              |    26 |    68 |    63 |   189 |   561 |   907 |   801 ||  2615
       Punch             |     2 |     4 |     4 |       |       |       |       ||    10
       Whip              |       |       |   191 |   770 |  1505 |  1946 |  1282 ||  5694
       Flail             |       |       |       |       |       |    68 |   335 ||   403
       Staff             |       |       |       |       |       |    20 |       ||    20
Throw: Tomahawk          |       |       |       |       |       |    35 |     1 ||    36
 Cast: Confusing Touch   |       |       |       |     1 |       |       |       ||     1
       Blink             |       |       |       |       |     1 |     1 |     1 ||     3
       Lesser Beckoning  |       |       |       |       |       |   103 |    52 ||   155
       Mephitic Cloud    |       |       |       |       |       |     1 |    14 ||    15
       Summon Lightning  |       |       |       |       |       |     1 |     3 ||     4
       Conjure Flame     |       |       |       |       |       |       |     1 ||     1
Invok: Heroism           |       |       |     9 |    30 |    28 |    48 |    27 ||   142
       Finesse           |       |       |       |     4 |     6 |    15 |     7 ||    32
Evoke: Wand              |       |       |       |       |       |       |     1 ||     1
  Use: Potion            |     4 |     5 |     1 |     1 |     6 |    16 |     5 ||    38
       Scroll            |       |       |     2 |    16 |     7 |    23 |     5 ||    53
 Stab: Invisible         |       |       |       |       |       |    10 |       ||    10
       Petrified         |       |       |       |       |       |     5 |       ||     5
       Held in net/web   |       |       |       |       |       |     2 |       ||     2
       Petrifying        |       |       |       |       |       |     2 |       ||     2
       Confused          |       |       |       |       |       |       |    10 ||    10
  Eat: Chunk             |     2 |     8 |    12 |    19 |    28 |    17 |    17 ||   103
       Ration            |     1 |       |       |     2 |     2 |     5 |     1 ||    11
Armor: Leather armour    |    54 |    79 |    43 |    18 |       |       |       ||   194
       Skin              |     5 |     7 |       |       |       |       |       ||    12
       Ring mail         |       |       |       |    94 |    47 |       |       ||   141
       Chain mail        |       |       |       |       |   181 |   200 |   144 ||   525
Dodge: Dodged            |   123 |   154 |   170 |   325 |   507 |   567 |   401 ||  2247
       Deflected         |       |       |       |       |     9 |    57 |    23 ||    89
Block: Buckler           |       |       |    30 |    98 |       |       |       ||   128
       Shield            |       |       |       |   108 |   608 |  1124 |   861 ||  2701

Table legend:
 A = Non-vault XP
 B = Vault XP
 C = Vault XP percentage of total XP
 D = Non-vault monster count
 E = Vault monster count
 F = Vault count percentage of total count
                 A         B        C        D         E       F
            +---------+---------+-------+---------+---------+-------
      Total |  367859 |  271109 |  42.4 |     964 |     455 |  32.1
            +---------+---------+-------+---------+---------+-------
        D:1 |      39 |      13 |  25.0 |      21 |       1 |   4.5
        D:2 |      27 |       1 |   3.6 |       9 |       1 |  10.0
        D:3 |      49 |      60 |  55.0 |      19 |      18 |  48.6
        D:4 |     546 |     322 |  37.1 |      18 |       2 |  10.0
        D:5 |     673 |       0 |   0.0 |      19 |       0 |   0.0
        D:6 |     160 |    1126 |  87.6 |      11 |       6 |  35.3
        D:7 |     350 |    2682 |  88.5 |      11 |      12 |  52.2
        D:8 |    1590 |       0 |   0.0 |      27 |       0 |   0.0
        D:9 |    2096 |     505 |  19.4 |      24 |       2 |   7.7
       D:10 |    2291 |    1561 |  40.5 |      23 |      10 |  30.3
       D:11 |    5662 |     850 |  13.1 |      24 |       9 |  27.3
       D:12 |    3892 |       0 |   0.0 |      28 |       0 |   0.0
       D:13 |    6891 |    1601 |  18.9 |      25 |      13 |  34.2
       D:14 |    9384 |     986 |   9.5 |      34 |       1 |   2.9
       D:15 |    9163 |    6050 |  39.8 |      38 |       4 |   9.5
     Lair:1 |    4114 |       0 |   0.0 |      15 |       0 |   0.0
     Lair:2 |   10092 |     518 |   4.9 |      37 |       3 |   7.5
     Lair:3 |    5170 |    3199 |  38.2 |      18 |      12 |  40.0
     Lair:4 |    6114 |    4245 |  41.0 |      18 |      26 |  59.1
     Lair:5 |    2024 |    6408 |  76.0 |      11 |      12 |  52.2
     Lair:6 |   12835 |   11921 |  48.2 |      38 |      25 |  39.7
   Shoals:1 |   14303 |    4194 |  22.7 |      33 |       7 |  17.5
   Shoals:2 |    8951 |   12684 |  58.6 |      19 |      16 |  45.7
   Shoals:3 |    8870 |    9769 |  52.4 |      18 |      12 |  40.0
   Shoals:4 |   12274 |   25514 |  67.5 |      25 |      34 |  57.6
    Snake:1 |   23805 |     602 |   2.5 |      46 |       1 |   2.1
    Snake:2 |   12419 |    8914 |  41.8 |      24 |       6 |  20.0
    Snake:3 |   21663 |    8365 |  27.9 |      44 |       1 |   2.2
    Snake:4 |   23087 |   44906 |  66.0 |      45 |      65 |  59.1
      Orc:1 |     523 |     960 |  64.7 |       9 |       1 |  10.0
      Orc:2 |    2891 |    7421 |  72.0 |      39 |      75 |  65.8
   Depths:1 |   37948 |   23079 |  37.8 |      49 |      23 |  31.9
   Depths:2 |   31117 |   48816 |  61.1 |      40 |      38 |  48.7
   Depths:3 |   59432 |   33837 |  36.3 |      74 |      19 |  20.4
   Depths:4 |   27414 |       0 |   0.0 |      31 |       0 |   0.0
            +---------+---------+-------+---------+---------+-------
